 Dungeon Crawl Stone Soup version 0.32-a0-656-g3542139ebd (webtiles) character file.

Game seed: 14961461087502421704

378 ragingrage the Sneak (level 6, -1/36 HPs)
             Began as a Deep Elf Delver on Mar 9, 2024.
             Slain by a jelly (2 damage)
             ... on level 4 of the Dungeon.
             The game lasted 00:06:50 (3926 turns).

ragingrage the Sneak (Deep Elf Delver)              Turns: 3926, Time: 00:06:51

Health: -1/36      AC: -2    Str:  9    XL:     6   Next: 45%
Magic:  12/12      EV: 12    Int: 15    God:
Gold:   266        SH:  0    Dex: 18    Spells: 8/11 levels left

rFire   . . .        a - +2 dagger (vamp)
rCold   . . .        (no shield)
rNeg    . . .        m - +0 leather armour
rPois   .            v - +2 helmet
rElec   .            (no cloak)
rCorr   .            (no gloves)
SInv    .            (no boots)
Will    .....        (no amulet)
Stlth   +++          (no ring)
HPRegen 0.26/turn    (no ring)
MPRegen 0.13/turn

%: no passive effects
@: corroded
A: no striking features
a: no special abilities


You were on level 4 of the Dungeon.
You visited 1 branch of the dungeon, and saw 6 of its levels.

You collected 266 gold pieces.

Inventory:

Hand Weapons
 a - a +2 vampiric dagger (weapon)
 u - a +0 short sword
Armour
 m - a +0 leather armour (worn)
 v - a +2 helmet (worn)
Magical Staves
 b - a staff of air
 i - a staff of cold
Jewellery
 h - a ring of ice
Wands
 g - a wand of digging (3)
Scrolls
 c - 4 scrolls of fog
 d - a scroll of revelation
 f - a scroll of noise {unknown}
 j - a scroll of vulnerability {unknown}
 r - a scroll of blinking {unknown}
 s - a scroll of fear
 t - a scroll of butterflies {unknown}
Potions
 e - a potion of curing
 k - 2 potions of attraction
 l - a potion of berserk rage {unknown}
 n - 2 potions of enlightenment
 o - a potion of haste
 p - a potion of invisibility {unknown}
 q - a potion of heal wounds {unknown}


   Skills:
 - Level 2.4 Fighting
 + Level 5.0 Short Blades
 - Level 2.4 Dodging
 - Level 6.0 Stealth
 + Level 3.1 Spellcasting
 + Level 2.1 Conjurations
 + Level 2.2 Air Magic
 + Level 2.1 Alchemy


You had 8 spell levels left.
You knew the following spells:

 Your Spells              Type           Power      Damage    Failure   Level
a - Mephitic Cloud        Conj/Alch/Air  8%         N/A       34%         3

Your spell library contained the following spells:

 Spells                   Type           Power      Damage    Failure   Level
 Momentum Strike          Conj/Tloc      10%        3d8       26%         2
 Slow                     Hex            8%         N/A       28%         1
 Swiftness                Air            9%         N/A       32%         3
 Blink                    Tloc           4%         N/A       38%         2
 Ensorcelled Hibernation  Hex/Ice        4%         N/A       38%         2
 Lesser Beckoning         Tloc           4%         N/A       38%         2
 Dazzling Flash           Conj/Hex       10%        N/A       47%         3
 Confusing Touch          Hex            2%         N/A       63%         3
 Passwall                 Erth           2%         N/A       63%         3
 Sigil of Binding         Hex            2%         N/A       63%         3
 Vampiric Draining        Necr           2%         2d6       63%         3
 Silence                  Hex/Air        2%         N/A       99%         5
 Curse of Agony           Necr           2%         N/A       100%        5


Dungeon Overview and Level Annotations

Branches:
Dungeon (6/15)
 Temple: D:4-7

Altars:
Ashenzari
Nemelex Xobeh
Yredelemnul

Shops:
D:2 [   D:4 [

Annotations:
D:4 2 transporters


Message History

The rotten bat hits you but does no damage.
You closely miss the rotten bat. The rotten bat closely misses you.
The rotten bat barely misses you.
You barely miss the rotten bat. The rotten bat barely misses you.
The rotten bat hits you but does no damage.
You hit the rotten bat.
You destroy the rotten bat!
The microbat barely misses you.
You hit the microbat. The microbat misses you.
You hit the microbat.
You kill the microbat!
You barely miss the jelly. You hit the jelly. The acid corrodes you!
Your hands burn!
The jelly misses you.
You hit the jelly but do no damage.
Your hands burn!
The jelly misses you.
You hit the jelly.
You feel better.
Your hands burn!
The jelly barely misses you.
You completely miss the jelly. You hit the jelly.
Your hands burn!
A fire bat comes into view.
The jelly hits you but does no damage.
You hit the jelly.
Your hands burn!
The jelly hits you.
You are splashed with acid!
You hit the jelly but do no damage.
Your hands burn!
A giga bat comes into view.
The jelly misses you.
You hit the jelly.
Your hands burn!
* * * LOW HITPOINT WARNING * * *
You feel better. The jelly hits you.
You are splashed with acid.
* * * LOW HITPOINT WARNING * * *
Unknown command.
You feel better. The jelly hits you. The acid corrodes you!
You are splashed with acid!
* * * LOW HITPOINT WARNING * * *
Unknown command.
Unknown command.
You hit the jelly but do no damage.
Your hands burn!
* * * LOW HITPOINT WARNING * * *
The jelly hits you.
You die...

#.##....# #∩.#...
#.##.#### #>.#... #.##.#
#######...... #.#### ####
#........#.## #.#
#..###.########.## ###
#..##...#######.##
#####..............##
#..###bbJ##.#...#########
#....##@..##.## .
###..#######.# . #.#b #.#
# .# b# #.# . ## .# ##
#.# ? <## .# #.# )
#.######## #.# #.#.#..
##.....# #.# #.#(...
#####.# #.#.#..


You could see a fire bat, a jelly and a giga bat.

Vanquished Creatures
  A bullfrog (D:4)
  A scorpion (D:4)
  An orc wizard (D:3)
  Robin (D:3)
  8 adders
  2 ribbon worms (D:2)
  A dart slug (D:1)
  8 orcs
  6 bats
  A bat zombie (D:4)
  6 endoplasms
  6 giant cockroaches
  19 goblins
  6 hobgoblins
  2 jackals (D:1)
  5 quokkas
  7 ball pythons
  5 frilled lizards
  4 kobolds
  2 rats
92 creatures vanquished.

Vanquished Creatures (others)
  A bombardier beetle (D:4)
  A bat (D:4)
2 creatures vanquished.

Grand Total: 94 creatures vanquished

Notes
Turn   | Place    | Note
-------+----------+-------------------------------------------
     0 | D:5      | ragingrage the Deep Elf Delver began the quest for the Orb.
     0 | D:5      | Reached XP level 1. HP: 13/13 MP: 3/3
    26 | D:6      | Noticed a bullfrog
   106 | D:3      | Reached XP level 2. HP: 8/18 MP: 4/4
   436 | D:2      | Reached XP level 3. HP: 22/22 MP: 5/5
   714 | D:2      | Found Beosamiu's Antique Armour Shop.
   737 | D:1      | Reached XP level 4. HP: 26/27 MP: 6/6
   867 | D:1      | Learned a level 3 spell: Mephitic Cloud
  1736 | D:2      | Reached skill level 1 in Spellcasting
  2118 | D:3      | Reached skill level 1 in Alchemy
  2195 | D:3      | Noticed Robin
  2202 | D:2      | Reached skill level 1 in Conjurations
  2364 | D:3      | Reached skill level 1 in Air Magic
  2510 | D:3      | Reached XP level 5. HP: 31/31 MP: 5/8
  2672 | D:3      | Killed Robin
  3583 | D:4      | Reached XP level 6. HP: 36/36 MP: 7/12
  3636 | D:4      | Found a basalt altar of Yredelemnul.
  3637 | D:4      | Found a sparkling altar of Nemelex Xobeh.
  3638 | D:4      | Found a broken altar of Ashenzari.
  3638 | D:4      | Noticed a steam dragon
  3641 | D:4      | Found a transporter.
  3648 | D:4      | Noticed an orc warrior
  3655 | D:4      | Found a transporter.
  3834 | D:4      | Found Yvo Xym's Armour Boutique.
  3901 | D:4      | Reached skill level 5 in Short Blades
  3926 | D:4      | HP: 1/36 [acid (4)]
  3926 | D:4      | Slain by a jelly

Illustrated notes

Levels and vault maps discovered:
D:1:      minmay_arrival_arboretum_small, layout_rooms
D:2:      layout_basic, serial_shops, nicolae_shop_tiny_statue_garden
D:3:      layout_basic, uniq_robin
D:4:      dreamdust_elfheim, layout_loops_ring, mainiacjoe_overflow_brackets,
          gammafunk_temple_overflow_arena, nicolae_tso_swordbearing_angel,
          serial_shops, shop, goddamned_bats
D:5:      layout_loops_cross, mainiacjoe_overflow_concentric_impassable,
          grunt_gozag_breadcrumbs
D:6:      minmay_diamond_boxcup, layout_gridville

Skill      XL: |  1  2  3  4  5  6 |
---------------+-------------------+-----
Short Blades   | 3 4 5 |  5.0
Spellcasting   | 1 2 3 |  3.1
Alchemy        | 1 2 |  2.1
Conjurations   | 1 2 |  2.1
Air Magic      | 1 2 |  2.2
Fighting       | |  2.4
Dodging        | |  2.4
Stealth        | |  6.0

Action                     |  1- 3 |  4- 6 || total
---------------------------+-------+-------++-------
  Melee: Short sword       |    97 |   139 ||   236
         Dagger            |       |   113 ||   113
   Cast: Mephitic Cloud    |       |     7 ||     7
    Use: Potion            |     1 |     3 ||     4
         Scroll            |     1 |     5 ||     6
   Stab: Distracted        |     2 |       ||     2
         Sleeping          |     2 |    19 ||    21
         Confused          |       |     4 ||     4
 Armour: Leather armour    |    59 |   107 ||   166
  Dodge: Dodged            |    71 |   124 ||   195

Table legend: (Time is in decaauts)
 A = Elapsed time spent in this place.
 B = Non-inter-level travel time spent in this place.
 C = Inter-level travel time spent in this place.
 D = Time resting spent in this place.
 E = Time spent auto-exploring this place.
 F = Levels seen in this place.
 G = Mean time per level.
                   A        B        C        D        E       F      G
               +--------+--------+--------+--------+--------+-----+--------+
         Total |   3826 |   3753 |     73 |    552 |   2043 |   6 |  637.7 |
       Dungeon |   3826 |   3753 |     73 |    552 |   2043 |   6 |  637.7 |
               +--------+--------+--------+--------+--------+-----+--------+

Top non-repeatable levels by time:
     D:3: 1669 daAuts
     D:2: 889 daAuts
     D:1: 751 daAuts
     D:4: 473 daAuts
     D:6: 25 daAuts
     D:5: 16 daAuts
